 Dungeon Crawl Stone Soup version 0.24-a0-279-ga7546fe674 (webtiles) character file.

Game seed: 7836756269879278357

534 HAL9000 the Covert (level 7, -6/34 HPs)
             Began as a Vine Stalker Assassin on May 1, 2019.
             Was an Initiate of Kikubaaqudgha.
             Killed by divine providence
             ... invoked by an orc priest
              (12 damage)
             ... on level 5 of the Dungeon.
             The game lasted 00:05:46 (3182 turns).

HAL9000 the Covert (Vine Stalker Assassin)          Turns: 3182, Time: 00:05:46

Health: -6/34      AC:  4    Str: 15    XL:     7   Next: 25%
Magic:  0/8        EV: 11    Int: 12    God:    Kikubaaqudgha [......]
Gold:   165        SH:  0    Dex: 15    Spells: 6/6 levels left

rFire    . . .     SeeInvis .   u - +4 short sword
rCold    . . .     Gourm    .   (no shield)
rNeg     . . .     Faith    .   c - +0 robe
rPois    .         Spirit   +   (no helmet)
rElec    .         Reflect  .   d - +0 cloak
rCorr    .         Harm     .   v - +0 pair of gloves
MR       .....                  (no boots)
Stlth    ++++......             (no amulet)
HPRegen  0.51/turn              (no ring)
MPRegen  0.11/turn              (no ring)

@: no status effects
A: fangs 2, regeneration 1, magic shield, antimagic bite, no potion heal 3, rot
immunity
a: Renounce Religion


You were on level 5 of the Dungeon.
You worshipped Kikubaaqudgha.
Kikubaaqudgha was noncommittal.
You were not hungry.

You visited 2 branches of the dungeon, and saw 6 of its levels.

You collected 165 gold pieces.

Inventory:

Hand Weapons
 a - a +2 dagger
 b - a +0 blowgun
 u - a +4 short sword (weapon)
Missiles
 e - 47 poisoned needles
 f - a curare-tipped needle
 w - 5 tomahawks of returning (quivered)
Armour
 c - a +0 robe (worn)
 d - a +0 cloak (worn)
 v - a +0 pair of gloves (worn)
Scrolls
 h - 3 scrolls of fog {unknown}
 l - 2 scrolls of magic mapping {unknown}
 m - 2 scrolls of enchant armour {unknown}
 n - a scroll of identify
 o - a scroll of enchant weapon {unknown}
 q - 2 scrolls of teleportation {unknown}
 r - 2 scrolls of random uselessness {unknown}
Potions
 i - a potion of flight
 j - a potion of agility
 k - a potion of might
 p - 4 potions of curing
 t - a potion of cancellation
Comestibles
 g - 10 rations


   Skills:
 - Level 1.7 Fighting
 + Level 4.5 Short Blades
 - Level 1.7 Throwing
 - Level 0.7 Dodging
 + Level 9.0 Stealth


You had 6 spell levels left.
You didn't know any spells.
Your spell library was empty.

Dungeon Overview and Level Annotations

Branches:
Dungeon (5/15)             Temple (1/1) D:4

Altars:
Ashenzari
Cheibriados
Elyvilon
Fedhas
Gozag
Hepliaklqana
Kikubaaqudgha
Makhleb
Nemelex Xobeh
Qazlal
Ru
Trog
Xom
Yredelemnul
Zin


Innate Abilities, Weirdness & Mutations

You have extremely sharp teeth.
Your natural rate of healing is unusually fast.
When hurt, damage is shared between your health and your magic reserves.
Your bite disrupts and absorbs the magic of your enemies.
Potions cannot restore your health.
You are immune to rotting.


Message History

The orc priest hits you with a +0 morningstar.
The orc priest hits you but does no damage.
You hit the orc priest. Your bite misses the orc priest.
The orc priest is moderately wounded.
The orc priest calls down the wrath of Beogh upon you.
Beogh smites you! The orc priest closely misses you.
You see here a ration.
The orc priest invokes the aid of Beogh against you.
Beogh smites you!
Okay, then.
Things that are here:
a cursed -3 dagger; a +0 robe of cold resistance; an orc corpse The orc priest mumbles some strange prayers to Beogh against you.
Beogh smites you!
* * * LOW HITPOINT WARNING * * *
The orc priest looks satisfied for a moment.
The orc priest calls down the wrath of Beogh upon you.
Beogh smites you!
You die...
Kikubaaqudgha rasps: "You have failed me!
Welcome... death!"

......>.........
########.######
#.# #.#
#########†#
#.........#
#.######### #.#
#@# #.# #.# ##
#.# #.# #.#
#.###o# ##o.o.#
#o#####
......o.#


You could see 2 orc priests.

Vanquished Creatures
  Sigmund (D:4)
  3 hounds
  An orc wizard (D:5)
  An orc priest (D:5)
  A bullfrog skeleton (D:5)
  An iguana (D:4)
  3 worker ants (D:4)
  An adder (D:4)
  4 gnolls
  2 worms
  A dart slug (D:1)
  5 orcs
  A ball python (D:3)
  4 bats
  3 giant cockroaches (D:1)
  6 goblins
  7 hobgoblins
  5 quokkas
  4 frilled lizards
  6 kobolds
  2 quokka skeletons (D:4)
  7 rats
69 creatures vanquished.

Notes
Turn   | Place    | Note
-------+----------+-------------------------------------------
     0 | D:1      | HAL9000 the Vine Stalker Assassin began the quest for the
                  | Orb.
     0 | D:1      | Reached XP level 1. HP: 11/11 MP: 2/2
    26 | D:1      | Reached skill level 5 in Stealth
   155 | D:1      | Reached XP level 2. HP: 14/15 MP: 3/3
   545 | D:2      | Reached XP level 3. HP: 17/18 MP: 4/4
   549 | D:2      | Reached skill level 6 in Stealth
  1527 | D:3      | Found an ancient bone altar of Kikubaaqudgha.
  1967 | D:4      | Found a snail-covered altar of Cheibriados.
  1982 | D:4      | Gained mutation: Your natural rate of healing is unusually
                  | fast. [Vine Stalker growth]
  1982 | D:4      | Reached XP level 4. HP: 21/23 MP: 5/5
  2014 | D:4      | Found a glowing silver altar of Zin.
  2138 | D:4      | Found a blossoming altar of Fedhas.
  2152 | D:4      | Reached skill level 7 in Stealth
  2152 | D:4      | Reached XP level 5. HP: 26/26 MP: 6/6
  2186 | D:4      | Found a staircase to the Ecumenical Temple.
  2280 | Temple   | Entered the Ecumenical Temple
  2413 | D:4      | Found a basalt altar of Yredelemnul.
  2426 | D:3      | Became a worshipper of Kikubaaqudgha
  2802 | D:4      | Noticed Sigmund
  2809 | D:4      | Killed Sigmund
  2809 | D:4      | Reached skill level 8 in Stealth
  2809 | D:4      | Reached XP level 6. HP: 30/30 MP: 7/7
  3141 | D:5      | Entered Level 5 of the Dungeon
  3147 | D:5      | Reached XP level 7. HP: 34/34 MP: 8/8
  3170 | D:5      | Reached skill level 9 in Stealth
  3182 | D:5      | Killed from afar by an orc priest

Levels and vault maps discovered:
D:1:      dpeg_arrival_windows_large_door, layout_basic
D:2:      layout_loops_ring, grunt_ministairs_6
D:3:      layout_loops_ring, nicolae_overflow_hidden_temple, grunt_ministairs_1
D:4:      layout_basic, fedhas_altar_2, lemuel_round_altar, cheibriados_altar_1,
          old_standard_altar, temple_pool_b, uniq_sigmund
D:5:      layout_loops_ring, first_ration, uniq_crazy_yiuf_cottage
Temple:   eino_wide_crystal_templ

Skill      XL: |  1  2  3  4  5  6  7 |
---------------+----------------------+-----
Stealth        | 5 6 7 8 9 |  9.0
Short Blades   | 2 4 |  4.5
Fighting       | |  1.7
Throwing       | |  1.7
Dodging        | |  0.7

Action                   |  1- 3 |  4- 6 |  7- 9 || total
-------------------------+-------+-------+-------++-------
Melee: Dagger            |    94 |    70 |       ||   164
       Bite              |    20 |    27 |     1 ||    48
       Short sword       |       |    32 |     5 ||    37
 Fire: Blowgun           |       |     2 |       ||     2
Throw: Tomahawk          |       |     8 |       ||     8
  Use: Scroll            |       |     6 |       ||     6
       Potion            |       |     1 |       ||     1
 Stab: Sleeping          |    16 |     7 |     3 ||    26
  Eat: Chunk             |     2 |     5 |       ||     7
Armor: Robe              |    15 |    14 |     1 ||    30
Dodge: Dodged            |    40 |    71 |     1 ||   112

Table legend:
 A = Non-vault XP
 B = Vault XP
 C = Vault XP percentage of total XP
 D = Non-vault monster count
 E = Vault monster count
 F = Vault count percentage of total count
                 A         B        C        D         E       F
            +---------+---------+-------+---------+---------+-------
      Total |     554 |     210 |  27.5 |      64 |       5 |   7.2
            +---------+---------+-------+---------+---------+-------
        D:1 |      32 |       0 |   0.0 |      18 |       0 |   0.0
        D:2 |      20 |       3 |  13.0 |      14 |       2 |  12.5
        D:3 |      78 |       2 |   2.5 |       9 |       2 |  18.2
        D:4 |     261 |     205 |  44.0 |      19 |       1 |   5.0
        D:5 |     163 |       0 |   0.0 |       4 |       0 |   0.0
            +---------+---------+-------+---------+---------+-------
